 Dungeon Crawl Stone Soup version 0.27-a0-29-g2d0a2396b0 (webtiles) character file.

Game seed: 1692594855466969250

269 hehateme the Vexing (level 6, -7/36 HPs)
             Began as a Kobold Enchanter on Jan 4, 2021.
             Killed by divine providence
             ... invoked by an orc priest
              (12 damage)
             ... on level 4 of the Dungeon.
             The game lasted 00:09:36 (4791 turns).

hehateme the Vexing (Kobold Enchanter)              Turns: 4791, Time: 00:09:37

Health: -7/36      AC:  2    Str:  7    XL:     6   Next: 46%
Magic:  3/9        EV: 15    Int: 16    God:
Gold:   145        SH:  0    Dex: 16    Spells: 3/9 levels left

rFire    . . .     SeeInvis .   c - +0 dagger (venom)
rCold    . . .     Faith    .   (shield restricted)
rNeg     . . .     Spirit   .   b - +0 robe
rPois    .         Reflect  .   (no helmet)
rElec    .         Harm     .   (no cloak)
rCorr    .         Rampage  .   (no gloves)
Will     .....                  (no boots)
Stlth    ++++......             (no amulet)
HPRegen  0.12/turn              (no ring)
MPRegen  0.11/turn              (no ring)

@: no status effects
A: small, nightstalker 3
a: no special abilities


You were on level 4 of the Dungeon.
You visited 1 branch of the dungeon, and saw 6 of its levels.
You also visited: Sewer.

You collected 145 gold pieces.

Inventory:

Hand Weapons
 a - a +1 dagger
 c - a +0 dagger of venom (weapon)
 f - a +2 vampiric dagger
 q - a +2 short sword of draining
Missiles
 n - 17 poisoned darts
 o - 7 boomerangs
 Q - 63 stones (quivered)
Armour
 b - a +0 robe (worn)
 j - a +0 pair of gloves
Jewellery
 g - an uncursed amulet of the acrobat {unknown}
Scrolls
 e - a scroll of blinking {unknown}
 h - a scroll of enchant armour {unknown}
 i - 4 scrolls of identify
 l - 2 scrolls of amnesia {unknown}
 m - a scroll of enchant weapon {unknown}
 r - a scroll of fog {unknown}
 s - a scroll of remove curse {unknown}
 t - 2 scrolls of teleportation
Potions
 d - 2 potions of brilliance {unknown}
 k - 3 potions of curing
 p - a potion of attraction {!q}
 u - a potion of ambrosia {unknown}


   Skills:
 + Level 2.5 Fighting
 - Level 1.3 Short Blades
 - Level 2.4 Dodging
 - Level 4.0 Stealth
 - Level 2.1 Spellcasting
 * Level 4.8 Hexes
 * Level 3.6 Ice Magic


You had 3 spell levels left.
You knew the following spells:

 Your Spells              Type           Power        Failure   Level
a - Ensorcelled Hibernat  Hex/Ice        30%          5%          2
b - Confusing Touch       Hex            17%          9%          3
v - Corona                Hex            18%          2%          1

Your spell library contained the following spells:

 Spells                   Type           Power        Failure   Level
 Tukima's Dance           Hex            17%          9%          3
 Dazzling Flash           Conj/Hex       18%          22%         3


Dungeon Overview and Level Annotations

Branches:
Dungeon (6/15)              Sewer (visited)
 Temple: D:4-7

Altars:
Uskayaw


Innate Abilities, Weirdness & Mutations

You are small and have problems with some larger weapons.
You are completely attuned to the shadows.


Message History

* * * LOW HITPOINT WARNING * * *
You see here a +0 club.
You take 10 damage, and have 18/36 hp.
GAME OVER YEAH!!
The orc wizard hits you with a +0 dagger.
* * * LOW HITPOINT WARNING * * *
The orc priest calls down the wrath of Beogh upon you.
Beogh smites you!
* * * LOW HITPOINT WARNING * * *
You take 14 damage, and have 5/36 hp.
GAME OVER YEAH!!
The orc wizard closely misses you.
Aim: an orc wizard, wielding a +0 dagger and wearing a +0 robe (fast, chance to affect: 46%)
The orc wizard looks drowsy...
You feel yourself speed up.
You now have 3/9 mp.
A hound comes into view.
The orc priest invokes the aid of Beogh against you.
Beogh smites you!
You die...

#.....###.#..........
##...###.............
*****#..##*##............
**,,*(.....##.............
*,,,,...........).....,,,,
**,,,....*.#...)..)...,,,,
**,,....*##o..#.##o..,,,,
*,,(.h.##.o..#.#*...,,,,
***....@.......#*,o.,,,,
*....#.......#*,,,,,,,
*...##.......,,,,,,,,,
*...,...##..,***,,,,,*
*..,,...#,,,,,*,*,,,,,
**,,,,,,,,,,,,,,,**,,,,
*,,,,,,,,,,,,,,*,,,,,**
***,,,,,,,*,,,*****,***
**,,,,,,***,****,,,,**

Skill      XL: |  1  2  3  4  5 |
---------------+----------------+-----
Ice Magic      | 1 2 3 |  3.6
Fighting       | 1 2 |  2.5
Hexes          | 4 |  4.8
Short Blades   | |  1.3
Dodging        | |  2.4
Stealth        | |  4.0
Spellcasting   | |  2.1

Notes
Turn   | Place    | Note
-------+----------+-------------------------------------------
     0 | D:1      | hehateme the Kobold Enchanter began the quest for the Orb.
     0 | D:1      | Reached XP level 1. HP: 10/10 MP: 3/3
    55 | D:1      | Reached skill level 1 in Ice Magic
    55 | D:1      | Reached XP level 2. HP: 16/16 MP: 5/5
   121 | D:1      | HP: 4/16 [giant cockroach (1)]
   361 | D:1      | Learned a level 2 spell: Ensorcelled Hibernation
   591 | D:1      | Reached XP level 3. HP: 19/20 MP: 6/6
   700 | D:1      | Reached skill level 1 in Fighting
  1669 | D:2      | Reached XP level 4. HP: 25/25 MP: 7/7
  1689 | D:2      | Reached skill level 2 in Ice Magic
  2286 | D:2      | Reached skill level 4 in Hexes
  2502 | D:2      | Reached XP level 5. HP: 30/30 MP: 8/8
  2982 | D:3      | Learned a level 3 spell: Confusing Touch
  3082 | D:3      | Reached skill level 2 in Fighting
  3082 | D:3      | Reached skill level 3 in Ice Magic
  3523 | D:3      | Found a glowing drain.
  3542 | Sewer    | Entered a sewer
  3590 | Sewer    | Noticed Purgy
  3703 | D:3      | You fall into a shaft and drop 3 floors!
  3707 | D:5      | Entered Level 5 of the Dungeon
  3716 | D:5      | HP: 5/30 [ufetubus (4)]
  3717 | D:5      | HP: 2/30 [quokka (3)]
  4189 | D:3      | Reached XP level 6. HP: 35/35 MP: 9/9
  4379 | D:3      | Found a hide-covered altar of Uskayaw.
  4574 | D:4      | Noticed an ogre
  4787 | D:4      | HP: 5/36 [orc priest/divine providence (13)]
  4791 | D:4      | Killed from afar by an orc priest

Table legend: (Time is in decaauts)
 A = Elapsed time spent in this place.
 B = Non-inter-level travel time spent in this place.
 C = Inter-level travel time spent in this place.
 D = Time resting spent in this place.
 E = Time spent auto-exploring this place.
 F = Levels seen in this place.
 G = Mean time per level.
                   A        B        C        D        E       F      G
               +--------+--------+--------+--------+--------+-----+--------+
         Total |   4785 |   4689 |     96 |   1390 |   2419 |   7 |  683.6 |
       Dungeon |   4728 |   4632 |     96 |   1390 |   2391 |   6 |  788.0 |
         Sewer |     56 |     56 |      0 |      0 |     28 |   1 |   56.0 |
               +--------+--------+--------+--------+--------+-----+--------+

Top non-repeatable levels by time:
     D:1: 1502 daAuts
     D:2: 1412 daAuts
     D:3: 1127 daAuts
     D:4: 378 daAuts
     D:5: 304 daAuts
   Sewer: 56 daAuts
     D:6: 3 daAuts

Table legend:
 A = Kills in this place as a percentage of kills in entire the game.
 B = Kills by you in this place as a percentage of kills by you in the entire game.
 C = Kills by friends in this place as a percentage of kills by friends in the entire game.
 D = Other kills in this place as a percentage of other kills in the entire game.
 E = Experience gained in this place as a percentage of experience gained in the entire game.
 F = Experience gained in this place divided by the number of levels of this place that you have seen.
                   A       B       C       D       E      F
               +-------+-------+-------+-------+-------+----------------------
         Total | 100.0 | 100.0 |   N/A |   N/A | 100.0 |  55.0
       Dungeon |  98.9 |  98.9 |   N/A |   N/A |  99.7 |  64.0
         Sewer |   1.1 |   1.1 |   N/A |   N/A |   0.3 |   1.0
               +-------+-------+-------+-------+-------+----------------------

Action                   |  1- 3 |  4- 6 || total
-------------------------+-------+-------++-------
Melee: Dagger            |   124 |   183 ||   307
       Short sword       |       |    14 ||    14
Throw: Stone             |     1 |       ||     1
 Cast: Ensorcelled Hiber |     2 |    25 ||    27
  Use: Scroll            |       |     4 ||     4
       Potion            |       |     2 ||     2
 Stab: Sleeping          |    16 |    38 ||    54
       Distracted        |       |     1 ||     1
Armor: Robe              |    23 |    31 ||    54
Dodge: Dodged            |   100 |   159 ||   259

Vanquished Creatures
  A scorpion (D:3)
  An orc priest (D:4)
  An orc wizard (D:4)
  3 adders
  A gnoll (D:1)
  An ufetubus (D:5)
  5 worms
  A dart slug (D:2)
  2 leopard geckos
  4 orcs (D:4)
  2 ball pythons
  8 giant cockroaches
  9 goblins
  10 hobgoblins
  5 jackals
  8 kobolds
  3 quokkas
  18 bats
  5 frilled lizards
  4 rats
92 creatures vanquished. You could see a hound (asleep), an orc priest and an orc wizard (fast, asleep).

Levels and vault maps discovered:
D:1:      dpeg_arrival_round_b, layout_basic
D:2:      minmay_thinvault, layout_rooms
D:3:      layout_basic, lemuel_round_altar, gup_sewer_entry_pipe
D:4:      layout_cave_pools, eino_small_chamber_without_monster
D:5:      layout_loops_ring, tgw_trog, nicolae_dithmenos_the_darkroom,
          uniq_crazy_yiuf_cottage, uniq_prince_ribbit1, uniq_duvessa
D:6:      layout_basic, minmay_temple_entry_proselytizer,
          minmay_alternating_orb, uniq_sigmund
